Philadelphia Phantoms vs Seattle Thunderbirds

Created - 25 octobre 2017 at 16:57

Goals
1 2 3 T
Philadelphia Phantoms 1 2 1 4
Seattle Thunderbirds 3 1 1 5
Shots
1 2 3 T
Philadelphia Phantoms 11 7 11 29
Seattle Thunderbirds 20 19 7 46

1st period

1. Philadelphia Phantoms , Zac Dalpe 3 (Dryden Hunt 3, Sean Kuraly 5) at 9:40
2. Seattle Thunderbirds , Matej Stransky 4 (Bracken Kearns 4) at 16:18
3. Seattle Thunderbirds , Roman Lyubimov 4 (Colin Smith 5) at 19:31
4. Seattle Thunderbirds , Bracken Kearns 7 (Peter Mueller 5, Jamie McBain 8) at 19:45

Penalties :
No Penalty

2nd period

5. Philadelphia Phantoms , Zac Dalpe 4 (Dryden Hunt 4, Chad Billins 1) at 8:14
6. Seattle Thunderbirds , Devin Setoguchi 4 (Jamie McBain 9) at 11:25 (PP)
7. Philadelphia Phantoms , Reid Boucher 4 (Kevin Fiala 3) at 14:02

Penalties :
Dean Kukan (PHA) for Hooking (Minor) at 9:37, Rourke Chartier (THU) for High sticking (Minor) at 17:13, Adin Hill (THU) for Slashing (Minor) at 19:54 - Brett Sutter served the penalty

3rd period

8. Seattle Thunderbirds , Roman Lyubimov 5 (Colin Smith 6, Joey LaLeggia 1) at 2:08
9. Philadelphia Phantoms , Jordan Maletta 3 (Dakota Mermis 5, Zac Dalpe 7) at 10:05

Penalties :
Jamie McBain (THU) for Interference (Minor) at 13:29

Goalie Stats

Jack Campbell (PHA), 41 saves from 46 shots - (0,891), L, 0-3-1, 60:00 minutes
Adin Hill (THU), 25 saves from 29 shots - (0,862), W, 3-0-0, 60:00 minutes

Players Stats for Philadelphia Phantoms

Player Name              G  A  P  +/- PIM S  H  SB GA TA FO     MP     PP MP  PK MP  
------------------------------------------------------------------------------------
Alexandre Carrier        0  0  0   0  0   3  1  0  0  1  0/0    24:46   3:16   0:58 
Chad Billins             0  1  1   1  0   0  0  1  0  1  0/0    15:12   0:00   0:58 
Dakota Mermis            0  1  1  -1  0   2  0  0  0  1  0/0    21:00   2:41   0:50 
Dale Weise               0  0  0  -2  0   1  2  1  0  0  0/3    18:32   3:11   0:00 
Dean Kukan               0  0  0   0  2   1  2  2  1  1  0/0    23:47   3:16   0:00 
Dryden Hunt              0  2  2   1  0   2  3  0  0  0  0/0    13:08   0:00   0:00 
Jonathan Diaby           0  0  0   1  0   1  0  0  0  0  0/0    15:04   0:00   0:50 
Jordan Maletta           1  0  1   1  0   2  1  0  1  0  0/0     9:11   0:00   0:32 
Joshua Ho-Sang           0  0  0  -2  0   3  0  0  1  0  5/25   18:50   3:11   0:00 
Juho Lammikko            0  0  0   1  0   0  0  0  0  0  0/1     8:47   0:00   0:00 
Kevin Fiala              0  1  1   0  0   0  2  1  0  0  0/1    17:33   2:46   0:00 
Kevin Labanc             0  0  0  -2  0   2  0  0  0  1  0/1    19:03   3:11   0:00 
Matt Caito               0  0  0  -1  0   0  1  1  0  1  0/0    20:10   2:41   0:00 
Nic Kerdiles             0  0  0   1  0   1  1  0  0  0  2/2     7:32   0:00   0:00 
Reid Boucher             1  0  1   0  0   4  1  1  0  1  0/0    17:32   2:46   0:00 
Scott Laughton           0  0  0   0  0   0  2  0  0  1  4/8    18:53   2:46   1:16 
Sean Kuraly              0  1  1   1  0   3  3  0  0  1  4/10   14:02   0:00   0:32 
Zac Dalpe                2  1  3   1  0   4  1  1  0  1  0/1    15:09   0:00   1:16 

Players Stats for Seattle Thunderbirds

Player Name              G  A  P  +/- PIM S  H  SB GA TA FO     MP     PP MP  PK MP  
------------------------------------------------------------------------------------
Andrew Campbell          0  0  0   2  0   1  2  1  0  1  0/0    20:14   1:18   3:18 
Bracken Kearns           1  1  2  -1  0   11 3  1  2  0  21/26  24:32   1:10   2:55 
Brett Sutter             0  0  0   0  0   2  2  1  0  0  9/15   16:54   0:38   0:33 
Colin Smith              0  2  2   1  0   2  2  2  1  0  5/7    13:28   0:00   0:00 
Devin Setoguchi          1  0  1   0  0   5  1  0  0  1  0/0    18:05   0:38   1:48 
Jacob MacDonald          0  0  0   1  0   1  0  0  0  1  0/0    16:37   0:00   1:03 
Jamie McBain             0  2  2   2  2   1  1  2  0  0  0/0    24:22   1:18   2:15 
Joey LaLeggia            0  1  1  -3  0   1  1  0  3  0  0/0    18:17   0:30   2:09 
Matej Stransky           1  0  1   0  0   3  2  0  1  0  0/0    20:18   1:10   3:03 
Matt Tennyson            0  0  0   1  0   2  0  1  0  0  0/0    14:19   0:00   0:00 
Pat Cannone              0  0  0  -1  0   1  2  0  0  0  0/0     6:58   0:00   0:00 
Peter Mueller            0  1  1   0  0   4  0  0  0  0  0/2    18:47   1:10   1:48 
Rob O'Gara               0  0  0   0  0   0  0  0  0  0  0/0     7:43   0:00   0:30 
Roman Lyubimov           2  0  2   1  0   7  2  0  0  0  0/0    14:45   0:00   1:17 
Rourke Chartier          0  0  0  -1  2   0  1  0  0  0  1/1     6:42   0:00   0:00 
Sean Backman             0  0  0   1  0   0  0  0  0  0  0/0    12:50   0:00   0:00 
Stefan Noesen            0  0  0   0  0   4  2  0  2  0  1/1    16:47   0:38   0:30 
T.J. Tynan               0  0  0   0  0   0  0  0  0  0  0/0     3:04   0:00   0:00 
Yannick Weber            0  0  0  -3  0   1  0  1  1  0  0/0    19:19   0:30   2:39 

3 Stars

1 - Zac Dalpe (PHA)
2 - Roman Lyubimov (THU)
3 - Bracken Kearns (THU)

Power Play

Philadelphia Phantoms - 0 on 3 Attempt(s) - 0,00%
Seattle Thunderbirds - 1 on 1 Attempt(s) - 100,00%

Penalty Kill

Philadelphia Phantoms - 0 on 1 Attempt(s) - 0,00% - Score 0 goal in Penalty Kill
Seattle Thunderbirds - 3 on 3 Attempt(s) - 100,00% - Score 0 goal in Penalty Kill

Team Stat

Philadelphia Phantoms - Hits : 20 - Faceoff Wins : 15 - Blocked Shots : 8 - Penalty Minutes : 2
Seattle Thunderbirds - Hits : 21 - Faceoff Wins : 37 - Blocked Shots : 9 - Penalty Minutes : 6

Official

Referees : Garrett Rank and Francois StLaurent
Linesman : Andy McElman and Tim Nowak

Game Notes

No Game Note

Finance

Level 1 -- Attendance: 1491 (74,55%) -- Ticket Income 52 185 $
Level 2 -- Attendance: 717 (71,70%) -- Ticket Income 10 755 $
Total Attendance: 2208 (73,60%)
Total Ticket Income: 62 940 $
Other Income: 30 841 $
Total Income: 93 781 $

Philadelphia Phantoms

5 vs 5 Forward 
   Center                   Left Wing                Right Wing               Time % Phy DF OF 
 1 Joshua Ho-Sang           Kevin Labanc             Dale Weise               34     0   2  3  
 2 Scott Laughton           Reid Boucher             Kevin Fiala              30     0   2  3  
 3 Sean Kuraly              Dryden Hunt              Zac Dalpe                26     0   2  3  
 4 Jordan Maletta           Nic Kerdiles             Juho Lammikko            10     0   3  2  

5 vs 5 Defense 
   Defense                  Defense                                           Time % Phy DF OF 
 1 Dean Kukan               Alexandre Carrier                                 40     1   2  2  
 2 Matt Caito               Dakota Mermis                                     36     1   2  2  
 3 Chad Billins             Jonathan Diaby                                    24     1   2  2  
 4 Matt Caito               Alexandre Carrier                                 0      1   2  2  

PowerPlay Forward 
   Center                   Left Wing                Right Wing               Time % Phy DF OF 
 1 Joshua Ho-Sang           Kevin Labanc             Dale Weise               60     1   2  2  
 2 Scott Laughton           Reid Boucher             Kevin Fiala              40     1   2  2  

PowerPlay Defense
   Defense                  Defense                                           Time % Phy DF OF 
 1 Dean Kukan               Alexandre Carrier                                 60     1   2  2  
 2 Matt Caito               Dakota Mermis                                     40     1   2  2  

Penalty Kill 4 Players Forward 
   Center                   Wing                     Time % Phy DF OF 
 1 Scott Laughton           Zac Dalpe                60     0   5  0  
 2 Jordan Maletta           Sean Kuraly              40     0   5  0  

Penalty Kill 4 Players Defense
   Defense                  Defense                  Time % Phy DF OF 
 1 Chad Billins             Alexandre Carrier        60     0   5  0  
 2 Jonathan Diaby           Dakota Mermis            40     0   5  0  

Penalty Kill - 3 Players Forward 
   Forward                                           Time % Phy DF OF 
 1 Zac Dalpe                                         60     0   5  0  
 2 Jordan Maletta                                    40     0   5  0  

Penalty Kill - 3 Players Defense
   Defense                  Defense                  Time % Phy DF OF 
 1 Chad Billins             Alexandre Carrier        60     0   5  0  
 2 Jonathan Diaby           Dakota Mermis            40     0   5  0  

4 vs 4 Forward 
   Center                   Wing                     Time % Phy DF OF 
 1 Joshua Ho-Sang           Dale Weise               60     1   2  2  
 2 Kevin Labanc             Reid Boucher             40     1   2  2  

4 vs 4 Defense
   Defense                  Defense                  Time % Phy DF OF 
 1 Dean Kukan               Alexandre Carrier        60     1   2  2  
 2 Matt Caito               Dakota Mermis            40     1   2  2  

Last Minutes Offensive
   Center                   Left Wing                Right Wing               Defense                  Defense                  
   Joshua Ho-Sang           Kevin Labanc             Dale Weise               Dean Kukan               Alexandre Carrier        

Last Minutes Defensive
   Center                   Left Wing                Right Wing               Defense                  Defense                  
   Scott Laughton           Sean Kuraly              Zac Dalpe                Dean Kukan               Chad Billins             

Goaltenders
Starting : Jack Campbell            
Backup : Darcy Kuemper            

Extra Forwards
Normal : Sean Kuraly, Dryden Hunt, Jordan Maletta - PP : Sean Kuraly, Dryden Hunt - PK : Jordan Maletta
Extra Defensemen
Normal : Chad Billins, Jonathan Diaby, Dean Kukan - PP : Chad Billins - PK : Jonathan Diaby, Dean Kukan
Penalty Shots
Joshua Ho-Sang, Dale Weise, Kevin Labanc, Reid Boucher, Kevin Fiala

Scratches
Ryan MacInnis (Healthy), Jon Martin (Healthy), Rihards Bukarts (Healthy), Alex Lyon (Healthy), Matthew O'Connor (Healthy)

Seattle Thunderbirds

5 vs 5 Forward 
   Center                   Left Wing                Right Wing               Time % Phy DF OF 
 1 Bracken Kearns           Peter Mueller            Matej Stransky           33     1   2  2  
 2 Brett Sutter             Stefan Noesen            Devin Setoguchi          30     1   2  2  
 3 Colin Smith              Sean Backman             Roman Lyubimov           24     1   2  2  
 4 Rourke Chartier          Bracken Kearns           Pat Cannone              13     1   2  2  

5 vs 5 Defense 
   Defense                  Defense                                           Time % Phy DF OF 
 1 Jamie McBain             Andrew Campbell                                   32     1   2  2  
 2 Yannick Weber            Joey LaLeggia                                     30     1   2  2  
 3 Matt Tennyson            Jacob MacDonald                                   25     1   2  2  
 4 Rob O'Gara               Jamie McBain                                      13     1   2  2  

PowerPlay Forward 
   Center                   Left Wing                Right Wing               Time % Phy DF OF 
 1 Bracken Kearns           Peter Mueller            Matej Stransky           60     1   2  2  
 2 Brett Sutter             Stefan Noesen            Devin Setoguchi          40     1   2  2  

PowerPlay Defense
   Defense                  Defense                                           Time % Phy DF OF 
 1 Jamie McBain             Andrew Campbell                                   60     1   2  2  
 2 Yannick Weber            Joey LaLeggia                                     40     1   2  2  

Penalty Kill 4 Players Forward 
   Center                   Wing                     Time % Phy DF OF 
 1 Bracken Kearns           Matej Stransky           60     1   2  2  
 2 Peter Mueller            Devin Setoguchi          40     1   2  2  

Penalty Kill 4 Players Defense
   Defense                  Defense                  Time % Phy DF OF 
 1 Jamie McBain             Andrew Campbell          60     1   2  2  
 2 Yannick Weber            Joey LaLeggia            40     1   2  2  

Penalty Kill - 3 Players Forward 
   Forward                                           Time % Phy DF OF 
 1 Bracken Kearns                                    60     1   2  2  
 2 Matej Stransky                                    40     1   2  2  

Penalty Kill - 3 Players Defense
   Defense                  Defense                  Time % Phy DF OF 
 1 Jamie McBain             Andrew Campbell          60     1   2  2  
 2 Yannick Weber            Joey LaLeggia            40     1   2  2  

4 vs 4 Forward 
   Center                   Wing                     Time % Phy DF OF 
 1 Bracken Kearns           Matej Stransky           60     1   2  2  
 2 Peter Mueller            Devin Setoguchi          40     1   2  2  

4 vs 4 Defense
   Defense                  Defense                  Time % Phy DF OF 
 1 Jamie McBain             Andrew Campbell          60     1   2  2  
 2 Yannick Weber            Joey LaLeggia            40     1   2  2  

Last Minutes Offensive
   Center                   Left Wing                Right Wing               Defense                  Defense                  
   Bracken Kearns           Peter Mueller            Matej Stransky           Jamie McBain             Andrew Campbell          

Last Minutes Defensive
   Center                   Left Wing                Right Wing               Defense                  Defense                  
   Bracken Kearns           Peter Mueller            Matej Stransky           Jamie McBain             Andrew Campbell          

Goaltenders
Starting : Adin Hill                
Backup : John Muse                

Extra Forwards
Normal : T.J. Tynan, Colin Smith, Roman Lyubimov - PP : T.J. Tynan, Colin Smith - PK : Roman Lyubimov
Extra Defensemen
Normal : Matt Tennyson, Jacob MacDonald, Rob O'Gara - PP : Matt Tennyson - PK : Jacob MacDonald, Rob O'Gara
Penalty Shots
Bracken Kearns, Matej Stransky, Peter Mueller, Devin Setoguchi, Yannick Weber

Scratches
Vincent LoVerde (Healthy), Anthony Peluso (Healthy), David Musil (Healthy), Alex Petan (Healthy)

% Time on Ice - Philadelphia Phantoms

Lines # - Real PCT - Wanted PCT - Time Play
Normal Forward
1 - 29% - 34% - 14:34
2 - 33% - 30% - 16:36
3 - 24% - 26% - 12:18
4 - 15% - 10% - 7:32
Normal Defense
1 - 39% - 40% - 20:08
2 - 34% - 36% - 17:29
3 - 26% - 24% - 13:23
4 - 0% - 0% - 0:00
PP Forward
1 - 54% - 60% - 3:11
2 - 46% - 40% - 2:46
PP Defense
1 - 55% - 60% - 3:16
2 - 45% - 40% - 2:41
PK Forward
1 - 70% - 60% - 1:16
2 - 30% - 40% - 0:32
PK Defense
1 - 54% - 60% - 0:58
2 - 46% - 40% - 0:50
PK3 Forward
1 - 0% - 60%
2 - 0% - 40%
PK3 Defense
1 - 0% - 60%
2 - 0% - 40%
44 Forward
1 - 0% - 60%
2 - 0% - 40%
44 Defense
1 - 0% - 60%
2 - 0% - 40%
Last Minute Offensive  - 1:15
Last Minute Defensive  - 0:00
Total
Forward - 60:00
Defense - 60:00

% Time on Ice - Seattle Thunderbirds

Lines # - Real PCT - Wanted PCT - Time Play
Normal Forward
1 - 29% - 33% - 14:53
2 - 33% - 30% - 16:37
3 - 25% - 24% - 12:50
4 - 13% - 13% - 6:41
Normal Defense
1 - 31% - 32% - 15:39
2 - 31% - 30% - 15:38
3 - 26% - 25% - 13:29
4 - 12% - 13% - 6:15
PP Forward
1 - 65% - 60% - 1:10
2 - 35% - 40% - 0:38
PP Defense
1 - 72% - 60% - 1:18
2 - 28% - 40% - 0:30
PK Forward
1 - 70% - 60% - 4:09
2 - 30% - 40% - 1:48
PK Defense
1 - 64% - 60% - 3:48
2 - 36% - 40% - 2:09
PK3 Forward
1 - 0% - 60%
2 - 0% - 40%
PK3 Defense
1 - 0% - 60%
2 - 0% - 40%
44 Forward
1 - 0% - 60%
2 - 0% - 40%
44 Defense
1 - 0% - 60%
2 - 0% - 40%
Last Minute Offensive  - 0:00
Last Minute Defensive  - 1:14
Total
Forward - 60:00
Defense - 60:00

Play by Play

1st period


0:01 of 1st period - Bracken Kearns wins face-off versus Dale Weise in neutral zone.
0:15 of 1st period - Slapshot by Joshua Ho-Sang.
0:15 of 1st period - Shot Misses the Net.
1:11 of 1st period - Juho Lammikko is hit by Joey LaLeggia and loses puck.
1:28 of 1st period - Matt Tennyson is hit by Dale Weise and loses puck.
1:35 of 1st period - Wrist shot by Stefan Noesen.
1:35 of 1st period - Stopped by Jack Campbell without a rebound.
1:36 of 1st period - Sean Kuraly wins face-off versus Colin Smith in Philadelphia Phantoms zone.
1:49 of 1st period - Snap shot by Sean Kuraly.
1:49 of 1st period - Shot Misses the Net.
2:03 of 1st period - Snap shot by Pat Cannone.
2:03 of 1st period - Stopped by Jack Campbell without a rebound.
2:04 of 1st period - Rourke Chartier wins face-off versus Scott Laughton in Philadelphia Phantoms zone.
2:05 of 1st period - Wrist shot by Bracken Kearns.
2:05 of 1st period - Shot Misses the Net.
2:33 of 1st period - Backhand shot by Reid Boucher.
2:33 of 1st period - Stopped by Adin Hill with a rebound.
2:35 of 1st period - Slapshot by Jonathan Diaby.
2:35 of 1st period - Stopped by Adin Hill with a rebound.
2:37 of 1st period - Wrist shot by Scott Laughton.
2:37 of 1st period - Shot Misses the Net.
2:49 of 1st period - Wrist shot by Reid Boucher.
2:49 of 1st period - Stopped by Adin Hill with a rebound.
2:55 of 1st period - Slapshot by Bracken Kearns.
2:55 of 1st period - Shot Hit the Post.
2:57 of 1st period - Slapshot by Matt Tennyson.
2:57 of 1st period - Stopped by Jack Campbell with a rebound.
3:01 of 1st period - Wrist shot by Bracken Kearns.
3:01 of 1st period - Shot Misses the Net.
3:03 of 1st period - Wrist shot by Bracken Kearns.
3:03 of 1st period - Shot Blocked by Dean Kukan.
3:05 of 1st period - Slapshot by Jacob MacDonald.
3:05 of 1st period - Stopped by Jack Campbell with a rebound.
3:15 of 1st period - Wrist shot by Rourke Chartier.
3:15 of 1st period - Shot Misses the Net.
3:17 of 1st period - Snap shot by Matt Tennyson.
3:17 of 1st period - Stopped by Jack Campbell without a rebound.
3:18 of 1st period - Brett Sutter wins face-off versus Joshua Ho-Sang in Philadelphia Phantoms zone.
3:43 of 1st period - Zac Dalpe is hit by Roman Lyubimov and loses puck.
4:51 of 1st period - Wrist shot by Kevin Labanc.
4:51 of 1st period - Deflect By Dale Weise.
4:51 of 1st period - Shot Blocked by Bracken Kearns.
4:51 of 1st period - Puck is out of play.
4:52 of 1st period - Sean Kuraly wins face-off versus Bracken Kearns in Seattle Thunderbirds zone.
5:00 of 1st period - Off-side.
5:01 of 1st period - Brett Sutter wins face-off versus Sean Kuraly in neutral zone.
5:12 of 1st period - Wrist shot by Sean Kuraly.
5:12 of 1st period - Shot Misses the Net.
5:14 of 1st period - Slapshot by Zac Dalpe.
5:14 of 1st period - Stopped by Adin Hill with a rebound.
5:16 of 1st period - Snap shot by Alexandre Carrier.
5:16 of 1st period - Stopped by Adin Hill without a rebound.
5:17 of 1st period - Bracken Kearns wins face-off versus Joshua Ho-Sang in Seattle Thunderbirds zone.
5:17 of 1st period - Bracken Kearns is hit by Dale Weise.
5:29 of 1st period - Wrist shot by Matej Stransky.
5:29 of 1st period - Shot Misses the Net.
5:43 of 1st period - Zac Dalpe is hit by Brett Sutter and loses puck.
6:35 of 1st period - Off-side.
6:36 of 1st period - Joshua Ho-Sang wins face-off versus Brett Sutter in neutral zone.
7:03 of 1st period - Icing by Dale Weise.
7:04 of 1st period - Sean Kuraly wins face-off versus Peter Mueller in Philadelphia Phantoms zone.
7:23 of 1st period - Peter Mueller is hit by Dryden Hunt and loses puck.
7:44 of 1st period - Slapshot by Colin Smith.
7:44 of 1st period - Stopped by Jack Campbell without a rebound.
7:45 of 1st period - Brett Sutter wins face-off versus Dale Weise in Philadelphia Phantoms zone.
8:10 of 1st period - Jamie McBain is hit by Kevin Fiala and loses puck.
8:57 of 1st period - Snap shot by Dryden Hunt.
8:57 of 1st period - Stopped by Adin Hill with a rebound.
8:59 of 1st period - Slapshot by Alexandre Carrier.
8:59 of 1st period - Shot Blocked by Yannick Weber.
9:01 of 1st period - Slapshot by Dryden Hunt.
9:01 of 1st period - Stopped by Adin Hill without a rebound.
9:02 of 1st period - Brett Sutter wins face-off versus Joshua Ho-Sang in Seattle Thunderbirds zone.
9:24 of 1st period - Snap shot by Brett Sutter.
9:24 of 1st period - Stopped by Jack Campbell without a rebound.
9:25 of 1st period - Sean Kuraly wins face-off versus Bracken Kearns in Philadelphia Phantoms zone.
9:25 of 1st period - Sean Kuraly is hit by Matej Stransky.
9:40 of 1st period - Snap shot by Zac Dalpe.
9:40 of 1st period - Goal by Zac Dalpe - Philadelphia Phantoms : 1 - Seattle Thunderbirds : 0.
9:41 of 1st period - Colin Smith wins face-off versus Kevin Labanc in neutral zone.
9:44 of 1st period - Slapshot by Roman Lyubimov.
9:44 of 1st period - Stopped by Jack Campbell with a rebound.
10:06 of 1st period - Kevin Fiala is hit by Brett Sutter and loses puck.
10:28 of 1st period - Sean Kuraly is hit by Bracken Kearns and loses puck.
10:55 of 1st period - Chad Billins is hit by Roman Lyubimov and loses puck.
11:32 of 1st period - Snap shot by Stefan Noesen.
11:32 of 1st period - Stopped by Jack Campbell with a rebound.
11:34 of 1st period - Slapshot by Stefan Noesen.
11:34 of 1st period - Stopped by Jack Campbell with a rebound.
11:46 of 1st period - Snap shot by Dryden Hunt.
11:46 of 1st period - Shot Misses the Net.
12:31 of 1st period - Bracken Kearns is hit by Alexandre Carrier.
12:35 of 1st period - Dale Weise is hit by Pat Cannone and loses puck.
13:03 of 1st period - Joey LaLeggia is hit by Sean Kuraly and loses puck.
13:46 of 1st period - Alexandre Carrier is hit by Rourke Chartier and loses puck.
13:59 of 1st period - Nic Kerdiles is hit by Pat Cannone.
14:09 of 1st period - Kevin Labanc is hit by Matej Stransky and loses puck.
15:54 of 1st period - Yannick Weber is hit by Reid Boucher and loses puck.
16:04 of 1st period - Icing by Dakota Mermis.
16:05 of 1st period - Bracken Kearns wins face-off versus Scott Laughton in Philadelphia Phantoms zone.
16:16 of 1st period - Snap shot by Matej Stransky.
16:16 of 1st period - Shot Misses the Net.
16:18 of 1st period - Slapshot by Matej Stransky.
16:18 of 1st period - Goal by Matej Stransky - Philadelphia Phantoms : 1 - Seattle Thunderbirds : 1.
16:19 of 1st period - Bracken Kearns wins face-off versus Joshua Ho-Sang in neutral zone.
16:30 of 1st period - Wrist shot by Peter Mueller.
16:30 of 1st period - Shot Misses the Net.
16:32 of 1st period - Wrist shot by Matej Stransky.
16:32 of 1st period - Shot Blocked by Dean Kukan.
16:34 of 1st period - Snap shot by Peter Mueller.
16:34 of 1st period - Deflect By Bracken Kearns.
16:34 of 1st period - Shot Blocked by Dale Weise.
16:34 of 1st period - Puck is out of play.
16:35 of 1st period - Brett Sutter wins face-off versus Sean Kuraly in Philadelphia Phantoms zone.
16:36 of 1st period - Backhand shot by Devin Setoguchi.
16:36 of 1st period - Stopped by Jack Campbell with a rebound.
17:00 of 1st period - Bracken Kearns is hit by Dean Kukan and loses puck.
17:05 of 1st period - Snap shot by Joshua Ho-Sang.
17:05 of 1st period - Stopped by Adin Hill with a rebound.
17:42 of 1st period - Snap shot by Joey LaLeggia.
17:42 of 1st period - Shot Misses the Net.
18:06 of 1st period - Backhand shot by Bracken Kearns.
18:06 of 1st period - Stopped by Jack Campbell with a rebound.
18:50 of 1st period - Wrist shot by Reid Boucher.
18:50 of 1st period - Shot Misses the Net.
18:54 of 1st period - Wrist shot by Reid Boucher.
18:54 of 1st period - Shot Misses the Net.
18:56 of 1st period - Snap shot by Kevin Fiala.
18:56 of 1st period - Deflect By Reid Boucher.
18:56 of 1st period - Stopped by Adin Hill with a rebound.
18:58 of 1st period - Wrist shot by Alexandre Carrier.
18:58 of 1st period - Stopped by Adin Hill without a rebound.
18:59 of 1st period - Colin Smith wins face-off versus Sean Kuraly in Seattle Thunderbirds zone.
19:06 of 1st period - Slapshot by Colin Smith.
19:06 of 1st period - Stopped by Jack Campbell without a rebound.
19:07 of 1st period - Colin Smith wins face-off versus Sean Kuraly in Philadelphia Phantoms zone.
19:12 of 1st period - Slapshot by Roman Lyubimov.
19:12 of 1st period - Stopped by Jack Campbell with a rebound.
19:23 of 1st period - Icing by Sean Backman.
19:24 of 1st period - Colin Smith wins face-off versus Joshua Ho-Sang in Seattle Thunderbirds zone.
19:31 of 1st period - Wrist shot by Roman Lyubimov.
19:31 of 1st period - Goal by Roman Lyubimov - Philadelphia Phantoms : 1 - Seattle Thunderbirds : 2.
19:32 of 1st period - Bracken Kearns wins face-off versus Joshua Ho-Sang in neutral zone.
19:37 of 1st period - Slapshot by Bracken Kearns.
19:37 of 1st period - Stopped by Jack Campbell without a rebound.
19:38 of 1st period - Bracken Kearns wins face-off versus Joshua Ho-Sang in Philadelphia Phantoms zone.
19:39 of 1st period - Wrist shot by Matej Stransky.
19:39 of 1st period - Shot Blocked by Matt Caito.
19:41 of 1st period - Slapshot by Jamie McBain.
19:41 of 1st period - Stopped by Jack Campbell with a rebound.
19:43 of 1st period - Wrist shot by Peter Mueller.
19:43 of 1st period - Stopped by Jack Campbell with a rebound.
19:45 of 1st period - Snap shot by Bracken Kearns.
19:45 of 1st period - Goal by Bracken Kearns - Philadelphia Phantoms : 1 - Seattle Thunderbirds : 3.
19:46 of 1st period - Joshua Ho-Sang wins face-off versus Peter Mueller in neutral zone.
19:54 of 1st period - Icing by Peter Mueller.
19:55 of 1st period - Bracken Kearns wins face-off versus Joshua Ho-Sang in Seattle Thunderbirds zone.
Goals for this period are 1 for Philadelphia Phantoms vs 3 for Seattle Thunderbirds.
Shots for this period are 11 for Philadelphia Phantoms vs 20 for Seattle Thunderbirds.

2nd period


0:01 of 2nd period - Bracken Kearns wins face-off versus Kevin Fiala in neutral zone.
0:04 of 2nd period - Wrist shot by Peter Mueller.
0:04 of 2nd period - Stopped by Jack Campbell without a rebound.
0:05 of 2nd period - Bracken Kearns wins face-off versus Scott Laughton in Philadelphia Phantoms zone.
0:06 of 2nd period - Slapshot by Matej Stransky.
0:06 of 2nd period - Shot Misses the Net.
0:22 of 2nd period - Off-side.
0:23 of 2nd period - Stefan Noesen wins face-off versus Joshua Ho-Sang in neutral zone.
0:28 of 2nd period - Slapshot by Devin Setoguchi.
0:28 of 2nd period - Shot Misses the Net.
2:11 of 2nd period - Jacob MacDonald is hit by Dean Kukan and loses puck.
4:47 of 2nd period - Jonathan Diaby is hit by Bracken Kearns and loses puck.
4:58 of 2nd period - Brett Sutter is hit by Sean Kuraly and loses puck.
5:18 of 2nd period - Icing by Stefan Noesen.
5:19 of 2nd period - Joshua Ho-Sang wins face-off versus Brett Sutter in Seattle Thunderbirds zone.
5:32 of 2nd period - Wrist shot by Kevin Labanc.
5:32 of 2nd period - Stopped by Adin Hill with a rebound.
5:34 of 2nd period - Snap shot by Dale Weise.
5:34 of 2nd period - Shot Blocked by Brett Sutter.
5:45 of 2nd period - Snap shot by Peter Mueller.
5:45 of 2nd period - Stopped by Jack Campbell with a rebound.
5:47 of 2nd period - Wrist shot by Bracken Kearns.
5:47 of 2nd period - Stopped by Jack Campbell with a rebound.
5:49 of 2nd period - Snap shot by Matej Stransky.
5:49 of 2nd period - Stopped by Jack Campbell with a rebound.
6:12 of 2nd period - Snap shot by Peter Mueller.
6:12 of 2nd period - Stopped by Jack Campbell without a rebound.
6:13 of 2nd period - Colin Smith wins face-off versus Joshua Ho-Sang in Philadelphia Phantoms zone.
6:42 of 2nd period - Off-side.
6:43 of 2nd period - Bracken Kearns wins face-off versus Sean Kuraly in neutral zone.
6:54 of 2nd period - Slapshot by Dryden Hunt.
6:54 of 2nd period - Shot Misses the Net.
6:56 of 2nd period - Slapshot by Sean Kuraly.
6:56 of 2nd period - Stopped by Adin Hill with a rebound.
6:58 of 2nd period - Slapshot by Zac Dalpe.
6:58 of 2nd period - Stopped by Adin Hill with a rebound.
8:14 of 2nd period - Wrist shot by Dryden Hunt.
8:14 of 2nd period - Deflect By Zac Dalpe.
8:14 of 2nd period - Goal by Zac Dalpe - Philadelphia Phantoms : 2 - Seattle Thunderbirds : 3.
8:15 of 2nd period - Bracken Kearns wins face-off versus Joshua Ho-Sang in neutral zone.
8:41 of 2nd period - Jamie McBain is hit by Scott Laughton and loses puck.
9:07 of 2nd period - Snap shot by Roman Lyubimov.
9:07 of 2nd period - Stopped by Jack Campbell with a rebound.
9:09 of 2nd period - Snap shot by Roman Lyubimov.
9:09 of 2nd period - Stopped by Jack Campbell with a rebound.
9:37 of 2nd period - Minor Penalty to Dean Kukan for Hooking.
9:38 of 2nd period - Scott Laughton wins face-off versus Bracken Kearns in Philadelphia Phantoms zone.
9:53 of 2nd period - Snap shot by Bracken Kearns.
9:53 of 2nd period - Stopped by Jack Campbell without a rebound.
9:54 of 2nd period - Scott Laughton wins face-off versus Bracken Kearns in Philadelphia Phantoms zone.
10:19 of 2nd period - Backhand shot by Devin Setoguchi.
10:19 of 2nd period - Stopped by Jack Campbell without a rebound.
10:20 of 2nd period - Brett Sutter wins face-off versus Zac Dalpe in Philadelphia Phantoms zone.
10:31 of 2nd period - Snap shot by Devin Setoguchi.
10:31 of 2nd period - Shot Misses the Net.
10:33 of 2nd period - Slapshot by Joey LaLeggia.
10:33 of 2nd period - Stopped by Jack Campbell with a rebound.
10:45 of 2nd period - Peter Mueller is hit by Jordan Maletta and loses puck.
10:51 of 2nd period - Off-side.
10:52 of 2nd period - Bracken Kearns wins face-off versus Sean Kuraly in neutral zone.
10:55 of 2nd period - Wrist shot by Matej Stransky.
10:55 of 2nd period - Shot Misses the Net.
10:57 of 2nd period - Wrist shot by Peter Mueller.
10:57 of 2nd period - Shot Misses the Net.
11:01 of 2nd period - Snap shot by Matej Stransky.
11:01 of 2nd period - Deflect By Bracken Kearns.
11:01 of 2nd period - Stopped by Jack Campbell with a rebound.
11:23 of 2nd period - Slapshot by Jamie McBain.
11:23 of 2nd period - Shot Misses the Net.
11:25 of 2nd period - Wrist shot by Devin Setoguchi.
11:25 of 2nd period - Goal by Devin Setoguchi - Philadelphia Phantoms : 2 - Seattle Thunderbirds : 4.
11:26 of 2nd period - Bracken Kearns wins face-off versus Joshua Ho-Sang in neutral zone.
11:53 of 2nd period - Dakota Mermis is hit by Andrew Campbell and loses puck.
11:58 of 2nd period - Wrist shot by Devin Setoguchi.
11:58 of 2nd period - Shot Misses the Net.
12:00 of 2nd period - Slapshot by Stefan Noesen.
12:00 of 2nd period - Stopped by Jack Campbell without a rebound.
12:01 of 2nd period - Brett Sutter wins face-off versus Joshua Ho-Sang in Philadelphia Phantoms zone.
12:47 of 2nd period - Snap shot by Brett Sutter.
12:47 of 2nd period - Shot Misses the Net.
12:49 of 2nd period - Slapshot by Andrew Campbell.
12:49 of 2nd period - Stopped by Jack Campbell with a rebound.
12:51 of 2nd period - Slapshot by Yannick Weber.
12:51 of 2nd period - Stopped by Jack Campbell with a rebound.
12:53 of 2nd period - Wrist shot by Brett Sutter.
12:53 of 2nd period - Stopped by Jack Campbell with a rebound.
12:55 of 2nd period - Slapshot by Joey LaLeggia.
12:55 of 2nd period - Deflect By Stefan Noesen.
12:55 of 2nd period - Shot Blocked by Zac Dalpe.
12:55 of 2nd period - Puck is out of play.
12:56 of 2nd period - Bracken Kearns wins face-off versus Joshua Ho-Sang in Philadelphia Phantoms zone.
13:01 of 2nd period - Snap shot by Bracken Kearns.
13:01 of 2nd period - Stopped by Jack Campbell with a rebound.
13:29 of 2nd period - Wrist shot by Roman Lyubimov.
13:29 of 2nd period - Stopped by Jack Campbell with a rebound.
13:31 of 2nd period - Snap shot by Colin Smith.
13:31 of 2nd period - Shot Misses the Net.
13:43 of 2nd period - Sean Backman is hit by Kevin Fiala and loses puck.
14:02 of 2nd period - Snap shot by Reid Boucher.
14:02 of 2nd period - Goal by Reid Boucher - Philadelphia Phantoms : 3 - Seattle Thunderbirds : 4.
14:03 of 2nd period - Bracken Kearns wins face-off versus Dale Weise in neutral zone.
14:06 of 2nd period - Snap shot by Bracken Kearns.
14:06 of 2nd period - Stopped by Jack Campbell with a rebound.
14:21 of 2nd period - Icing by Jamie McBain.
14:22 of 2nd period - Bracken Kearns wins face-off versus Scott Laughton in Seattle Thunderbirds zone.
15:07 of 2nd period - Roman Lyubimov is hit by Dryden Hunt.
17:13 of 2nd period - Minor Penalty to Rourke Chartier for High sticking.
17:14 of 2nd period - Bracken Kearns wins face-off versus Joshua Ho-Sang in Seattle Thunderbirds zone.
17:34 of 2nd period - Matej Stransky is hit by Matt Caito and loses puck.
18:18 of 2nd period - Joshua Ho-Sang is hit by Bracken Kearns and loses puck.
19:03 of 2nd period - Joey LaLeggia is hit by Scott Laughton and loses puck.
19:13 of 2nd period - Penalty to Rourke Chartier is over, Rourke Chartier is back on ice.
19:29 of 2nd period - Roman Lyubimov is hit by Dryden Hunt and loses puck.
19:46 of 2nd period - Wrist shot by Jordan Maletta.
19:46 of 2nd period - Stopped by Adin Hill without a rebound.
19:47 of 2nd period - Nic Kerdiles wins face-off versus Brett Sutter in Seattle Thunderbirds zone.
19:54 of 2nd period - Wrist shot by Nic Kerdiles.
19:54 of 2nd period - Stopped by Adin Hill without a rebound.
19:54 of 2nd period - Minor Penalty to Adin Hill for Slashing.
19:55 of 2nd period - Bracken Kearns wins face-off versus Joshua Ho-Sang in Seattle Thunderbirds zone.
Goals for this period are 2 for Philadelphia Phantoms vs 1 for Seattle Thunderbirds.
Shots for this period are 7 for Philadelphia Phantoms vs 19 for Seattle Thunderbirds.

3rd period


0:01 of 3rd period - Bracken Kearns wins face-off versus Joshua Ho-Sang in neutral zone.
0:09 of 3rd period - Slapshot by Kevin Labanc.
0:09 of 3rd period - Stopped by Adin Hill with a rebound.
0:11 of 3rd period - Wrist shot by Dale Weise.
0:11 of 3rd period - Deflect By Joshua Ho-Sang.
0:11 of 3rd period - Stopped by Adin Hill with a rebound.
0:13 of 3rd period - Wrist shot by Joshua Ho-Sang.
0:13 of 3rd period - Shot Blocked by Andrew Campbell.
0:15 of 3rd period - Backhand shot by Kevin Labanc.
0:15 of 3rd period - Shot Blocked by Jamie McBain.
1:32 of 3rd period - Dale Weise is hit by Jamie McBain and loses puck.
1:40 of 3rd period - Snap shot by Peter Mueller.
1:40 of 3rd period - Shot Misses the Net.
1:54 of 3rd period - Penalty to Brett Sutter is over, Brett Sutter is back on ice.
2:08 of 3rd period - Wrist shot by Roman Lyubimov.
2:08 of 3rd period - Goal by Roman Lyubimov - Philadelphia Phantoms : 3 - Seattle Thunderbirds : 5.
2:09 of 3rd period - Scott Laughton wins face-off versus Brett Sutter in neutral zone.
3:39 of 3rd period - Devin Setoguchi is hit by Nic Kerdiles and loses puck.
4:08 of 3rd period - Matej Stransky is hit by Zac Dalpe and loses puck.
4:13 of 3rd period - Snap shot by Dryden Hunt.
4:13 of 3rd period - Shot Misses the Net.
4:15 of 3rd period - Wrist shot by Zac Dalpe.
4:15 of 3rd period - Deflect By Sean Kuraly.
4:15 of 3rd period - Stopped by Adin Hill with a rebound.
4:17 of 3rd period - Slapshot by Dakota Mermis.
4:17 of 3rd period - Deflect By Yannick Weber.
4:17 of 3rd period - Stopped by Adin Hill with a rebound.
5:20 of 3rd period - Snap shot by Reid Boucher.
5:20 of 3rd period - Shot Blocked by Matt Tennyson.
5:52 of 3rd period - Slapshot by Matej Stransky.
5:52 of 3rd period - Stopped by Jack Campbell with a rebound.
5:54 of 3rd period - Snap shot by Matej Stransky.
5:54 of 3rd period - Shot Blocked by Kevin Fiala.
5:56 of 3rd period - Backhand shot by Matej Stransky.
5:56 of 3rd period - Shot Blocked by Chad Billins.
5:58 of 3rd period - Slapshot by Jacob MacDonald.
5:58 of 3rd period - Shot Misses the Net.
6:00 of 3rd period - Slapshot by Jacob MacDonald.
6:00 of 3rd period - Shot Misses the Net.
6:02 of 3rd period - Slapshot by Matt Tennyson.
6:02 of 3rd period - Shot Misses the Net.
6:18 of 3rd period - Wrist shot by Bracken Kearns.
6:18 of 3rd period - Stopped by Jack Campbell without a rebound.
6:19 of 3rd period - Brett Sutter wins face-off versus Joshua Ho-Sang in Philadelphia Phantoms zone.
6:20 of 3rd period - Wrist shot by Devin Setoguchi.
6:20 of 3rd period - Stopped by Jack Campbell without a rebound.
6:21 of 3rd period - Joshua Ho-Sang wins face-off versus Brett Sutter in Philadelphia Phantoms zone.
6:21 of 3rd period - Joshua Ho-Sang is hit by Devin Setoguchi.
6:46 of 3rd period - Dryden Hunt is hit by Colin Smith and loses puck.
6:57 of 3rd period - Wrist shot by Colin Smith.
6:57 of 3rd period - Shot Misses the Net.
7:41 of 3rd period - Slapshot by Joshua Ho-Sang.
7:41 of 3rd period - Stopped by Adin Hill with a rebound.
7:55 of 3rd period - Wrist shot by Sean Kuraly.
7:55 of 3rd period - Stopped by Adin Hill with a rebound.
7:57 of 3rd period - Wrist shot by Zac Dalpe.
7:57 of 3rd period - Shot Blocked by Jamie McBain.
9:18 of 3rd period - Icing by Joey LaLeggia.
9:19 of 3rd period - Nic Kerdiles wins face-off versus Brett Sutter in Seattle Thunderbirds zone.
10:03 of 3rd period - Slapshot by Dakota Mermis.
10:03 of 3rd period - Stopped by Adin Hill with a rebound.
10:05 of 3rd period - Wrist shot by Jordan Maletta.
10:05 of 3rd period - Goal by Jordan Maletta - Philadelphia Phantoms : 4 - Seattle Thunderbirds : 5.
10:06 of 3rd period - Brett Sutter wins face-off versus Joshua Ho-Sang in neutral zone.
10:09 of 3rd period - Slapshot by Devin Setoguchi.
10:09 of 3rd period - Stopped by Jack Campbell with a rebound.
10:33 of 3rd period - Icing by Dale Weise.
10:34 of 3rd period - Joshua Ho-Sang wins face-off versus Colin Smith in Philadelphia Phantoms zone.
10:43 of 3rd period - Wrist shot by Joshua Ho-Sang.
10:43 of 3rd period - Shot Blocked by Colin Smith.
10:54 of 3rd period - Snap shot by Dale Weise.
10:54 of 3rd period - Stopped by Adin Hill with a rebound.
10:56 of 3rd period - Wrist shot by Joshua Ho-Sang.
10:56 of 3rd period - Shot Misses the Net.
11:38 of 3rd period - Slapshot by Joshua Ho-Sang.
11:38 of 3rd period - Shot Misses the Net.
11:40 of 3rd period - Wrist shot by Dean Kukan.
11:40 of 3rd period - Shot Blocked by Colin Smith.
11:42 of 3rd period - Slapshot by Alexandre Carrier.
11:42 of 3rd period - Stopped by Adin Hill with a rebound.
11:44 of 3rd period - Slapshot by Dean Kukan.
11:44 of 3rd period - Stopped by Adin Hill without a rebound.
11:45 of 3rd period - Scott Laughton wins face-off versus Bracken Kearns in Seattle Thunderbirds zone.
11:54 of 3rd period - Slapshot by Andrew Campbell.
11:54 of 3rd period - Shot Blocked by Reid Boucher.
11:56 of 3rd period - Slapshot by Jamie McBain.
11:56 of 3rd period - Shot Misses the Net.
12:53 of 3rd period - Snap shot by Dryden Hunt.
12:53 of 3rd period - Shot Misses the Net.
12:59 of 3rd period - Wrist shot by Nic Kerdiles.
12:59 of 3rd period - Shot Misses the Net.
13:15 of 3rd period - Slapshot by Joey LaLeggia.
13:15 of 3rd period - Shot Misses the Net.
13:29 of 3rd period - Minor Penalty to Jamie McBain for Interference.
13:30 of 3rd period - Bracken Kearns wins face-off versus Joshua Ho-Sang in Seattle Thunderbirds zone.
14:57 of 3rd period - Kevin Fiala is hit by Stefan Noesen and loses puck.
15:29 of 3rd period - Penalty to Jamie McBain is over, Jamie McBain is back on ice.
15:39 of 3rd period - Bracken Kearns is hit by Sean Kuraly and loses puck.
16:46 of 3rd period - Dale Weise is hit by Colin Smith.
17:47 of 3rd period - Dale Weise is hit by Andrew Campbell and loses puck.
18:21 of 3rd period - Joshua Ho-Sang is hit by Stefan Noesen and loses puck.
18:57 of 3rd period - Slapshot by Matej Stransky.
18:57 of 3rd period - Shot Misses the Net.
18:59 of 3rd period - Backhand shot by Bracken Kearns.
18:59 of 3rd period - Stopped by Jack Campbell with a rebound.
19:35 of 3rd period - Wrist shot by Bracken Kearns.
19:35 of 3rd period - Stopped by Jack Campbell without a rebound.
19:36 of 3rd period - Ulf Samuelsson call a timeout for Philadelphia Phantoms.
19:36 of 3rd period - Bracken Kearns wins face-off versus Juho Lammikko in Philadelphia Phantoms zone.
Goals for this period are 1 for Philadelphia Phantoms vs 1 for Seattle Thunderbirds.
Shots for this period are 11 for Philadelphia Phantoms vs 7 for Seattle Thunderbirds.